 Dungeon Crawl Stone Soup version 0.31-a0-200-gbc41564c69 (webtiles) character file.

Game seed: 8797537513601229916

1160 qw the Skirmisher (level 8, -4/41 (46) HPs)
             Began as a Deep Elf Hunter on June 25, 2023.
             Slain by Maggie
             ... wielding a +1 broad axe of draining
              (14 damage)
             ... on level 6 of the Dungeon.
             The game lasted 00:02:05 (4575 turns).

qw the Skirmisher (Deep Elf Hunter)                 Turns: 4575, Time: 00:02:06

HP:   -4/41 (46)    AC:  5    Str: 10    XL:     8   Next: 16%
MP:   10/10         EV: 14    Int: 15    God:
Gold: 340           SH:  0    Dex: 18    Spells: 7/7 levels left

rFire   + . .        c - +0 shortbow (heavy)
rCold   + . .        (shield currently unavailable)
rNeg    . . .        f - +2 robe {rC+ rF+}
rPois   .            (no helmet)
rElec   .            (no cloak)
rCorr   .            (no gloves)
SInv    .            k - +0 pair of boots
Will    .....        (no amulet)
Stlth   ++           (no ring)
HPRegen 0.26/turn    (no ring)
MPRegen 0.12/turn

%: no passive effects
@: about to teleport, mesmerised, heavily drained
A: no striking features
a: no special abilities


You were on level 6 of the Dungeon.
You visited 2 branches of the dungeon, and saw 7 of its levels.

You collected 340 gold pieces.


   Skills:
 - Level 3.2 Fighting
 - Level 12.0 Ranged Weapons
 + Level 4.8 Dodging
 - Level 1.2 Stealth


You had 7 spell levels left.
You didn't know any spells.
Your spell library was empty.

Inventory:

Hand Weapons
 c - a +0 heavy shortbow (weapon)
Armour
 f - a +2 robe of resistance (worn)
 i - a +0 troll leather armour
 k - a +0 pair of boots (worn)
Jewellery
 g - an amulet of faith
Scrolls
 a - a scroll of identify
 l - a scroll of brand weapon
Potions
 b - 2 potions of enlightenment
 d - a potion of curing
 e - a potion of mutation
 j - a potion of might
 m - a potion of haste
 o - a potion of resistance {unknown}

Dungeon Overview and Level Annotations

Branches:
Dungeon (6/15)             Temple (1/1) D:4

Altars:
Cheibriados
Elyvilon
Fedhas
Gozag
Kikubaaqudgha
Makhleb
Nemelex Xobeh
Sif Muna
Trog
Uskayaw
Vehumet
Xom
Yredelemnul
Zin

Annotations:
D:6 Maggie


Message History

Maggie points at you and mumbles some strange words.
The bolt of fire misses you.
You shoot an arrow. The arrow hits Maggie.
Maggie is heavily wounded.
Maggie drinks a potion.
Maggie is healed!
You shoot an arrow. The arrow barely misses Maggie.
Maggie says, "Did Master Lance send you?"
Maggie hits you with a +1 broad axe of draining!!
You feel drained.
You shoot an arrow. The arrow hits Maggie.
Maggie is heavily wounded.
Maggie misses you.
You shoot an arrow.
The arrow hits Maggie but does no damage.
Maggie is heavily wounded.
You break out of your daze.
Maggie hits you with a +1 broad axe of draining.
You feel drained.
You shoot an arrow. The arrow barely misses Maggie.
Maggie barely misses you. Maggie closely misses you.
You shoot an arrow. The arrow hits Maggie!
Maggie is heavily wounded.
Maggie mumbles some strange words.
Maggie attempts to bespell you!
You are mesmerised by Maggie!
You shoot an arrow.
The arrow hits Maggie but does no damage.
Maggie is heavily wounded.
Maggie barely misses you.
You shoot an arrow. The arrow hits Maggie.
Maggie is heavily wounded.
Maggie hits you with a +1 broad axe of draining!
You feel drained.
4574 ||| READING scroll of teleportation.
As you read the scroll of teleportation, it crumbles to dust.
You feel strangely unstable. Maggie closely misses you.
You shoot an arrow. The arrow closely misses Maggie.
Maggie hits you with a +1 broad axe of draining!
You die...

#.. #.. ...
#.# #.# #.#
#@# #@#
#.#####
#.....#
#.....#######
#####........
#.....#######
#.##### #.#
##.##


You could see Maggie (mesmerising).

Vanquished Creatures
  Grinder (D:6)
  Sigmund (D:4)
  A water moccasin (D:5)
  2 scorpions
  A howler monkey (D:6)
  A jelly (D:4)
  An orc priest (D:4)
  5 hounds
  4 iguanas
  Natasha (thrice) (D:2)
  3 gnolls (D:4)
  4 adders
  2 shadow imps
  An ufetubus (D:6)
  5 dart slugs
  5 orcs
  7 bats
  9 endoplasms
  5 giant cockroaches
  5 goblins
  8 hobgoblins
  2 quokkas (D:4)
  7 ball pythons
  2 frilled lizards
  9 kobolds
  2 rats (D:1)
96 creatures vanquished.

Notes
Turn   | Place    | Note
-------+----------+-------------------------------------------
     0 | D:1      | qw the Deep Elf Hunter began the quest for the Orb.
     0 | D:1      | Reached XP level 1. HP: 12/12 MP: 3/3
     0 | D:1      | 0 ||| qw: Version: 0.3-a-22-g0ed2b0b
     0 | D:1      | 0 ||| qw: Game counter: 5681
     0 | D:1      | 0 ||| qw: Melee chars always use a shield: true
     0 | D:1      | 0 ||| qw: God list: Okawaru
     0 | D:1      | 0 ||| qw: Allow faded altars: false
     0 | D:1      | 0 ||| qw: Do Orc after clearing Dungeon:15 true
     0 | D:1      | 0 ||| qw: Do second Lair branch before Depths: true
     0 | D:1      | 0 ||| qw: Lair rune preference: random
     0 | D:1      | 0 ||| qw: Goals: Normal
     0 | D:1      | 0 ||| PLANNING D:1-11
   189 | D:1      | Reached XP level 2. HP: 16/16 MP: 4/4
   198 | D:1      | Reached skill level 6 in Ranged Weapons
   623 | D:1      | 623 ||| READING 3 scrolls labelled RYSHAE CUJI.
   624 | D:1      | 624 ||| READING scroll labelled JEGHIE RUNEOGI.
   655 | D:1      | 655 ||| READING 2 scrolls of identify.
   655 | D:1      | 655 ||| IDENTIFYING white potion
   656 | D:1      | 656 ||| DROPPING scroll of butterflies.
   692 | D:2      | Noticed Natasha
   693 | D:2      | 693 ||| Stepping ~*~*~tactically~*~*~ (outnumbered).
   702 | D:2      | Killed Natasha
   703 | D:2      | Reached skill level 7 in Ranged Weapons
   703 | D:2      | Reached XP level 3. HP: 8/20 MP: 5/5
   805 | D:2      | Reached XP level 4. HP: 25/25 MP: 6/6
   984 | D:2      | 984 ||| READING scroll labelled FIRYITH SUBLO.
   996 | D:2      | 996 ||| STAIRDANCE
  1000 | D:2      | 1000 ||| STAIRDANCE
  1004 | D:2      | 1004 ||| STAIRDANCE
  1008 | D:2      | 1008 ||| STAIRDANCE
  1012 | D:2      | 1012 ||| STAIRDANCE
  1016 | D:2      | 1016 ||| STAIRDANCE
  1020 | D:2      | 1020 ||| STAIRDANCE
  1024 | D:2      | 1024 ||| STAIRDANCE
  1028 | D:2      | 1028 ||| STAIRDANCE
  1032 | D:2      | 1032 ||| STAIRDANCE
  1036 | D:2      | 1036 ||| STAIRDANCE
  1040 | D:2      | 1040 ||| STAIRDANCE
  1044 | D:2      | 1044 ||| STAIRDANCE
  1048 | D:2      | 1048 ||| STAIRDANCE
  1052 | D:2      | 1052 ||| STAIRDANCE
  1056 | D:2      | 1056 ||| STAIRDANCE
  1060 | D:2      | 1060 ||| STAIRDANCE
  1064 | D:2      | 1064 ||| STAIRDANCE
  1068 | D:2      | 1068 ||| STAIRDANCE
  1072 | D:2      | 1072 ||| STAIRDANCE
  1123 | D:2      | 1123 ||| FLEEEEING.
  1143 | D:2      | 1143 ||| FLEEEEING.
  1163 | D:2      | 1163 ||| FLEEEEING.
  1171 | D:2      | Noticed Natasha
  1172 | D:2      | 1172 ||| FLEEEEING.
  1201 | D:2      | 1201 ||| FLEEEEING.
  1204 | D:2      | 1204 ||| FLEEEEING.
  1207 | D:2      | 1207 ||| FLEEEEING.
  1227 | D:2      | 1227 ||| FLEEEEING.
  1239 | D:2      | 1239 ||| FLEEEEING.
  1259 | D:2      | 1259 ||| FLEEEEING.
  1266 | D:2      | Killed Natasha
  1267 | D:2      | Reached skill level 8 in Ranged Weapons
  1326 | D:2      | 1326 ||| FLEEEEING.
  1346 | D:2      | 1346 ||| FLEEEEING.
  1366 | D:2      | 1366 ||| FLEEEEING.
  1386 | D:2      | 1386 ||| FLEEEEING.
  1406 | D:2      | 1406 ||| FLEEEEING.
  1426 | D:2      | 1426 ||| FLEEEEING.
  1446 | D:2      | 1446 ||| FLEEEEING.
  1466 | D:2      | 1466 ||| FLEEEEING.
  1486 | D:2      | 1486 ||| FLEEEEING.
  1506 | D:2      | 1506 ||| FLEEEEING.
  1526 | D:2      | 1526 ||| FLEEEEING.
  1531 | D:1      | 1531 ||| Stepping randomly (stuck).
  1642 | D:2      | You fall into a shaft and drop 1 floor!
  1694 | D:3      | 1694 ||| UPGRADING to +0 ring mail.
  1704 | D:3      | 1704 ||| DROPPING +0 leather armour.
  1705 | D:3      | 1705 ||| READING scroll labelled HEATAISSEWN.
  1806 | D:3      | 1806 ||| DRINKING 2 murky cyan potions.
  1807 | D:3      | 1807 ||| DRINKING 2 purple potions.
  1808 | D:3      | 1808 ||| DROPPING potion of attraction.
  1918 | D:2      | Reached XP level 5. HP: 29/29 MP: 7/7
  1984 | D:2      | Noticed Natasha
  1992 | D:2      | Killed Natasha
  2122 | D:2      | 2122 ||| READING scroll labelled QEOTUTW BITORPH.
  2123 | D:2      | 2123 ||| READING scroll labelled UJOIW BEORCHI.
  2124 | D:2      | 2124 ||| READING 2 scrolls of identify.
  2124 | D:2      | 2124 ||| IDENTIFYING fuming green potion
  2747 | D:3      | 2747 ||| UPGRADING to +0 pair of boots.
  2752 | D:3      | 2752 ||| READING scroll labelled KESI NEAHUCINU.
  2753 | D:3      | 2753 ||| READING scroll labelled SOMISE GINIA.
  2754 | D:3      | 2754 ||| READING scroll labelled NIACLAGUDY.
  2755 | D:3      | 2755 ||| READING 4 scrolls of identify.
  2755 | D:3      | 2755 ||| IDENTIFYING metallic white potion
  2756 | D:3      | 2756 ||| READING 3 scrolls of identify.
  2756 | D:3      | 2756 ||| IDENTIFYING bubbling brown potion
  2757 | D:3      | 2757 ||| READING 2 scrolls of identify.
  2757 | D:3      | 2757 ||| IDENTIFYING smoky blue potion
  2758 | D:3      | 2758 ||| DROPPING potion of brilliance.
  2759 | D:3      | 2759 ||| DROPPING potion of degeneration.
  2819 | D:4      | Found a glowing silver altar of Zin.
  2827 | D:4      | Reached skill level 9 in Ranged Weapons
  2829 | D:4      | Noticed Sigmund
  2833 | D:4      | Killed Sigmund
  2834 | D:4      | Reached skill level 3 in Fighting
  2834 | D:4      | Reached XP level 6. HP: 35/37 MP: 8/8
  2876 | D:4      | HP: 9/37 [gnoll/+0 spear (2)]
  2877 | D:4      | 2877 ||| READING 2 scrolls of teleportation.
  2878 | D:4      | 2878 ||| DRINKING potion of heal wounds.
  3018 | D:4      | Found a staircase to the Ecumenical Temple.
  3019 | D:4      | 3019 ||| PLANNING TEMPLE
  3019 | D:4      | 3019 ||| UPGRADING to +2 robe of resistance.
  3029 | D:4      | 3029 ||| DROPPING +0 ring mail.
  3030 | D:4      | 3030 ||| READING 2 scrolls of identify.
  3030 | D:4      | 3030 ||| IDENTIFYING lumpy green potion
  3031 | D:4      | 3031 ||| DROPPING potion of berserk rage.
  3040 | Temple   | Entered the Ecumenical Temple
  3222 | Temple   | 3222 ||| PLANNING D:1-11
  3317 | D:4      | Reached skill level 3 in Dodging
  3317 | D:4      | Reached XP level 7. HP: 24/41 MP: 9/9
  3612 | D:4      | 3612 ||| READING scroll labelled ZOYHAH DIEFUGO.
  3613 | D:4      | 3613 ||| DRINKING 2 cyan potions.
  3616 | D:4      | 3616 ||| DROPPING potion of ambrosia.
  3619 | D:5      | Entered Level 5 of the Dungeon
  3622 | D:5      | Reached skill level 10 in Ranged Weapons
  4172 | D:5      | 4172 ||| READING scroll labelled FUN PIDDINTAZU.
  4173 | D:5      | 4173 ||| READING 3 scrolls of identify.
  4173 | D:5      | 4173 ||| IDENTIFYING fizzy inky potion
  4174 | D:5      | 4174 ||| READING 2 scrolls of identify.
  4174 | D:5      | 4174 ||| IDENTIFYING sapphire potion
  4175 | D:5      | 4175 ||| DROPPING potion of lignification.
  4208 | D:6      | Noticed Grinder
  4211 | D:6      | Reached skill level 11 in Ranged Weapons
  4215 | D:6      | Paralysed by Grinder for 5 turns
  4222 | D:6      | 4222 ||| FLEEEEING.
  4223 | D:6      | 4223 ||| FLEEEEING.
  4225 | D:6      | 4225 ||| FLEEEEING.
  4226 | D:6      | 4226 ||| STAIRDANCE
  4304 | D:6      | Killed Grinder
  4305 | D:6      | Reached XP level 8. HP: 46/46 MP: 10/10
  4350 | D:6      | Reached skill level 12 in Ranged Weapons
  4557 | D:6      | Noticed Maggie
  4573 | D:6      | HP: 10/43 [Maggie/+1 broad axe of draining (7)]
  4574 | D:6      | 4574 ||| READING scroll of teleportation.
  4575 | D:6      | Slain by Maggie

Levels and vault maps discovered:
D:1:      spicycebolla_arrival_ecumenical, layout_basic, bh_walls_and_bars
D:2:      layout_loops_ring, minmay_pentomino_w2, uniq_natasha
D:3:      layout_loops_ring
D:4:      layout_cave_pools, mainiacjoe_overflow_boulevard,
          minmay_temple_entry_antechambers, uniq_sigmund
D:5:      layout_loops_ring
D:6:      layout_loops_ring, hangedman_decor_growths,
          nicolae_shop_sticking_my_neck_out, uniq_grinder, uniq_pikel,
          uniq_duvessa, uniq_maggie
Temple:   nicolae_temple_bog_church

Skill      XL: |  1  2  3  4  5  6  7  8 |
---------------+-------------------------+-----
Ranged Weapons | 7 8 9 11 12 | 12.0
Fighting       | 3 |  3.2
Dodging        | 3 4 |  4.8
Stealth        | |  1.2

Action                     |  1- 3 |  4- 6 |  7- 9 || total
---------------------------+-------+-------+-------++-------
   Fire: Shortbow          |    77 |   134 |    97 ||   308
    Use: Scroll            |     3 |    13 |     5 ||    21
         Potion            |       |     3 |     1 ||     4
 Armour: Leather armour    |    25 |     5 |       ||    30
         Ring mail         |       |    10 |       ||    10
         Robe              |       |       |    12 ||    12
  Dodge: Dodged            |    47 |    46 |    32 ||   125

Table legend:
 A = Non-vault XP
 B = Vault XP
 C = Vault XP percentage of total XP
 D = Non-vault monster count
 E = Vault monster count
 F = Vault count percentage of total count
                 A         B        C        D         E       F
            +---------+---------+-------+---------+---------+-------
      Total |    1125 |     533 |  32.1 |      91 |       5 |   5.2
            +---------+---------+-------+---------+---------+-------
        D:1 |      34 |       0 |   0.0 |      18 |       0 |   0.0
        D:2 |     144 |      38 |  20.9 |      16 |       3 |  15.8
        D:3 |      56 |       0 |   0.0 |      19 |       0 |   0.0
        D:4 |     284 |     214 |  43.0 |      23 |       1 |   4.2
        D:5 |     383 |       0 |   0.0 |       9 |       0 |   0.0
        D:6 |     224 |     281 |  55.6 |       6 |       1 |  14.3
            +---------+---------+-------+---------+---------+-------
